 Dungeon Crawl Stone Soup version 0.26-b1-32-g5d43845318 (webtiles) character file.

Game seed: 3374338672857112579

94 Dracia the Ducker (level 4, -1/34 HPs)
             Began as a Demonspawn Gladiator on Jan 13, 2021.
             Killed from afar by an orc wizard (6 damage)
             ... with a magic dart
             ... on level 2 of the Dungeon.
             The game lasted 00:02:09 (904 turns).

Dracia the Ducker (Demonspawn Gladiator)             Turns: 904, Time: 00:02:09

Health: -1/34      AC:  4    Str: 15    XL:     4   Next: 38%
Magic:  4/4        EV: 13    Int: 10    God:
Gold:   33         SH:  6    Dex: 14    Spells: 3/3 levels left

rFire    . . .     SeeInvis .     - Unarmed
rCold    . . .     Faith    .   (no shield)
rNeg     . . .     Spirit   .   b - +0 leather armour
rPois    .         Reflect  .   c - +0 helmet
rElec    .         Harm     .   (no cloak)
rCorr    +         Rampage  .   (no gloves)
Will     .....                  (no boots)
Stlth    +.........             (no amulet)
HPRegen  0.11/turn              R - ring of resist corrosion
MPRegen  0.09/turn              (no ring)

@: slowed, very slow
A: claws 1, large bone plates 2
a: no special abilities


You were on level 2 of the Dungeon.
You visited 1 branch of the dungeon, and saw 2 of its levels.

You collected 33 gold pieces.


Innate Abilities, Weirdness & Mutations

You have sharp fingernails.
You are mostly covered in large bone plates. (SH +6)


   Skills:
 - Level 2.6 Fighting
 - Level 2.6 Staves
 - Level 1.7 Throwing
 - Level 1.2 Armour
 - Level 3.1 Dodging
 + Level 2.4 Unarmed Combat


You had 3 spell levels left.
You didn't know any spells.
Your spell library was empty.

Inventory:

Missiles
 d - 3 throwing nets (quivered) {=f=f}
Armour
 b - a +0 leather armour (worn)
 c - a +0 helmet (worn)
Jewellery
 R - a ring of resist corrosion (left claw)
Scrolls
 f - 4 scrolls of identify {unknown}
 g - a scroll of fog {unknown}
 i - a scroll of remove curse {unknown}
 m - a scroll of magic mapping {unknown}

Dungeon Overview and Level Annotations

Branches:
Dungeon (2/15)

Altars:

#.....#
#.....#
#.....#
#)# #.#
#.# #.#
#.# #@#
#o#
###'##
#....#
#....#
#....#
#....#
#...(#
#....#


You could see an orc wizard (fast).


Message History

The orc wizard gestures wildly while chanting.
The orc wizard blinks!
Unknown command.
The orc wizard casts a spell at you.
You feel as though you will be slow longer.
The orc wizard barely misses you.
You miss the orc wizard. The orc wizard casts a spell at you.
The magic dart hits you.
* * * LOW HITPOINT WARNING * * *
The orc wizard gestures at you while chanting.
You resist with some effort.
You claw the orc wizard!
The orc wizard is heavily wounded.
The orc wizard casts a spell at you. The magic dart hits you.
* * * LOW HITPOINT WARNING * * *
The orc wizard closely misses you.
You miss the orc wizard.
The orc wizard is heavily wounded.
The orc wizard hits you but does no damage.
The orc wizard gestures wildly while chanting.
The orc wizard blinks!
The orc wizard points at you and mumbles some strange words.
The magic dart hits you.
* * * LOW HITPOINT WARNING * * *
Unknown command.
The orc wizard gestures at you while chanting.
The magic dart hits you.
You die...

Skill      XL: |  1  2  3 |
---------------+----------+-----
Dodging        | 3 |  3.1
Armour         | 1 |  1.2
Unarmed Combat | 2 |  2.4
Fighting       | |  2.6
Staves         | |  2.6
Throwing       | |  1.7

Action                   |  1- 3 |  4- 6 || total
-------------------------+-------+-------++-------
Melee: Quarterstaff      |    47 |       ||    47
       Unarmed           |    74 |     4 ||    78
  Use: Potion            |     5 |       ||     5
 Stab: Sleeping          |     2 |       ||     2
Armor: Leather armour    |    39 |     2 ||    41
Dodge: Dodged            |   123 |     2 ||   125
Block: Other             |    23 |       ||    23

Levels and vault maps discovered:
D:1:      tarquinn_simple_flora_water_a, layout_rooms, minmay_hexomino_p4
D:2:      layout_basic, uniq_sigmund

Notes
Turn   | Place    | Note
-------+----------+-------------------------------------------
     0 | D:1      | Dracia the Demonspawn Gladiator began the quest for the
                  | Orb.
     0 | D:1      | Reached XP level 1. HP: 16/16 MP: 1/1
   206 | D:1      | Gained mutation: You are partially covered in large bone
                  | plates. (SH +4) [demonic ancestry]
   206 | D:1      | Reached XP level 2. HP: 22/22 MP: 2/2
   331 | D:1      | Reached skill level 3 in Dodging
   406 | D:2      | Reached skill level 1 in Armour
   423 | D:2      | Gained mutation: You have sharp fingernails. [demonic
                  | ancestry]
   423 | D:2      | Reached XP level 3. HP: 28/28 MP: 3/3
   466 | D:2      | HP: 2/28 [hobgoblin/+0 club (3)]
   473 | D:2      | Reached skill level 1 in Unarmed Combat
   862 | D:2      | Identified a +2 robe of resistance
   894 | D:2      | HP: 2/28 [orc wizard/+0 hand axe (2)]
   897 | D:2      | Reached skill level 2 in Unarmed Combat
   897 | D:2      | Gained mutation: You are mostly covered in large bone
                  | plates. (SH +6) [demonic ancestry]
   897 | D:2      | Reached XP level 4. HP: 17/34 MP: 4/4
   904 | D:2      | Killed from afar by an orc wizard

Vanquished Creatures
  An orc wizard (D:2)
  4 adders (D:2)
  A worm (D:2)
  2 leopard geckos (D:2)
  4 bats
  6 goblins
  3 hobgoblins
  A kobold (D:1)
  A ball python (D:1)
  A frilled lizard (D:2)
  2 rats
26 creatures vanquished.

Table legend: (Time is in decaauts)
 A = Elapsed time spent in this place.
 B = Non-inter-level travel time spent in this place.
 C = Inter-level travel time spent in this place.
 D = Time resting spent in this place.
 E = Time spent auto-exploring this place.
 F = Levels seen in this place.
 G = Mean time per level.
                   A        B        C        D        E       F      G
               +--------+--------+--------+--------+--------+-----+--------+
         Total |    920 |    907 |     13 |      0 |    671 |   2 |  460.0 |
       Dungeon |    920 |    907 |     13 |      0 |    671 |   2 |  460.0 |
               +--------+--------+--------+--------+--------+-----+--------+

Top non-repeatable levels by time:
     D:2: 516 daAuts
     D:1: 403 daAuts

Table legend:
 A = Non-vault XP
 B = Vault XP
 C = Vault XP percentage of total XP
 D = Non-vault monster count
 E = Vault monster count
 F = Vault count percentage of total count
                 A         B        C        D         E       F
            +---------+---------+-------+---------+---------+-------
      Total |     129 |       6 |   4.4 |      23 |       3 |  11.5
            +---------+---------+-------+---------+---------+-------
        D:1 |      16 |       6 |  27.3 |       9 |       3 |  25.0
        D:2 |     113 |       0 |   0.0 |      14 |       0 |   0.0
            +---------+---------+-------+---------+---------+-------
